 Dungeon Crawl Stone Soup version 0.19-a0-1676-g39ae8cc (webtiles) character file.

281875 MackTheKnife the Impaler (level 19, 0/190 HPs)
             Began as a Deep Dwarf Wanderer on Sept 23, 2016.
             Was the Champion of Makhleb.
             Killed from afar by a Hell Sentinel (43 damage)
             ... with an iron shot
             ... summoned by a lich
             ... on level 3 of the Vaults.
             The game lasted 01:40:04 (31254 turns).

MackTheKnife the Impaler (Deep Dwarf Wanderer)     Turns: 31254, Time: 01:40:04

Health: 0/190      AC: 31    Str: 15    XL:     19   Next: 72%
Magic:  18/18      EV: 19    Int: 16    God:    Makhleb [******]
Gold:   2416       SH:  3    Dex: 20    Spells: 0 memorised, 18 levels left

rFire  + . .     SeeInvis .     a - +12 glaive of Prune {chop}
rCold  . . .     Gourm    .     T - +4 ring mail of the Armadillo {rElec rPois rN+}
rNeg   + + .     Faith    .     (shield currently unavailable)
rPois  +         Spirit   .     r - +2 helmet
rElec  +         Dismiss  .     x - +1 cloak
rCorr  .         Reflect  +     d - +2 pair of gloves
MR     +++..     Harm     .     O - +2 pair of boots {Fly}
Stlth  +.........               J - +3 amulet of reflection
                                c - ring "Wemmuq" {rPois rF+ MR+ Str-2 Dex+4}
                                E - +6 ring of protection

@: flying, non-regenerating
A: damage resistance, recharge devices, negative energy resistance 1, sense
surroundings 3, shaggy fur 1, slow regeneration 3
a: Device Recharging, Minor Destruction, Lesser Servant of Makhleb, Major
Destruction, Greater Servant of Makhleb, Renounce Religion, Stop Flying
}: 2/15 runes: serpentine, barnacled


You were on level 3 of the Vaults.
You worshipped Makhleb.
Makhleb was exalted by your worship.
You were hungry.

You visited 7 branches of the dungeon, and saw 35 of its levels.
You visited the Abyss 2 times.
You also visited: Trove, Sewer, Bailey, Ice Cave and Volcano.

You collected 4346 gold pieces.
You spent 1930 gold pieces at shops.

Inventory:

Hand Weapons
 a - the +12 glaive of Prune (weapon) {chop}
   (You found it on level 11 of the Dungeon)

   It inflicts extra damage upon your enemies.
Armour
 d - a +2 pair of gloves (worn)
   (You found it on level 1 of the Dungeon)
 r - a +2 helmet (worn)
   (You bought it in a shop on level 2 of the Orcish Mines)
 x - a +1 cloak (worn)
   (You took it off Nikola on level 2 of the Vaults)
 O - a +2 pair of boots of flying (worn)
   (You acquired it on level 13 of the Dungeon)
 T - the +4 ring mail of the Armadillo (worn) {rElec rPois rN+}
   (You found it in an ice cave)

   It insulates you from electricity.
   It protects you from poison.
   It protects you from negative energy.
Jewellery
 c - the ring "Wemmuq" (right hand) {rPois rF+ MR+ Str-2 Dex+4}
   (You found it in a treasure trove)

   [ring of protection from magic]

   It affects your strength (-2).
   It affects your dexterity (+4).
   It protects you from fire.
   It protects you from poison.
   It affects your resistance to hostile enchantments.
 E - a +6 ring of protection (left hand)
   (You found it on level 10 of the Dungeon)
 J - a +3 amulet of reflection (around neck)
   (You bought it in a shop on level 7 of the Dungeon)
 U - the ring "Jomom" {rPois rC+ Stlth-}
   (You found it in a treasure trove)

   [ring of loudness]

   It protects you from cold.
   It protects you from poison.
   It makes you less stealthy.
 X - the ring "Fetesk Uquke" {+Fly rPois rN+ Str+4 Int-5}
   (You found it in a treasure trove)

   [ring of flight]

   It affects your strength (+4).
   It affects your intelligence (-5).
   It protects you from poison.
   It protects you from negative energy.
   It lets you fly.
 Z - the amulet of Peace {+Rage rN+++ Str-4 Int-5 SInv}
   (You found it in a treasure trove)

   [amulet of rage]

   It affects your strength (-4).
   It affects your intelligence (-5).
   It renders you almost immune to negative energy.
   It lets you see invisible.
   It lets you go berserk.
Wands
 e - a wand of heal wounds (0/9)
 t - a wand of lightning (0/15)
   (You found it on level 2 of the Abyss)
 u - a wand of disintegration (2/24)
   (You found it on level 6 of the Lair of Beasts)
 D - a wand of digging (0/24)
   (You found it on level 3 of the Lair of Beasts)
 M - a wand of digging (7/24)
   (You found it on level 3 of the Snake Pit)
 W - a wand of disintegration (15/24)
   (You found it on level 2 of the Snake Pit)
Scrolls
 i - 4 scrolls of magic mapping {!r}
 k - 4 scrolls of blinking {!r}
 m - 6 scrolls of immolation {!r}
 q - 9 scrolls of teleportation
 y - 11 scrolls of remove curse
 z - 2 scrolls of recharging
 C - 5 scrolls of fear
 H - 2 scrolls of holy word {!r}
 L - a scroll of amnesia
 N - 7 scrolls of fog
Potions
 g - 8 potions of curing
 h - 6 potions of brilliance
 j - 2 potions of haste
 l - 2 potions of heal wounds
 o - 6 potions of agility
 p - 4 potions of berserk rage {!q}
 s - 4 potions of resistance
 v - 8 potions of flight
 A - 6 potions of cancellation
 B - 6 potions of might
 F - a potion of ambrosia
 R - 2 potions of cure mutation {!q}
 S - 3 potions of invisibility
 V - 2 potions of magic
Miscellaneous
 n - a phial of floods
   (You found it on level 4 of the Snake Pit)
 K - a lamp of fire
   (You found it on level 2 of the Vaults)
Comestibles
 b - 2 slices of pizza
 f - 20 bread rations {@e1}
 w - 10 meat rations {@e2}
 G - 8 beef jerkies
 I - 22 fruits
 P - 3 chunks of flesh {@w0}


   Skills:
 - Level 16.9 Fighting
   Level 12.9(18.8) Axes
 - Level 19.1(20.0) Polearms
 - Level 10.5 Armour
 - Level 10.8 Dodging
 - Level 1.2 Stealth
   Level 6.3 Shields
 + Level 15.6 Invocations
 + Level 5.6 Evocations


You had 18 spell levels left.
You didn't know any spells.

Dungeon Overview and Level Annotations

Branches:
Dungeon (15/15)            Temple (0/1) D:6            Lair (6/6) D:9
 Shoals (4/4) Lair:4        Snake (4/4) Lair:2        Slime (0/5) Lair:6
    Orc (2/2) D:11            Elf (0/3) Orc:2        Vaults (3/5) D:13
 Depths (1/5) D:15
  Crypt: Vaults:2-3

Altars:
Fedhas
Makhleb
Nemelex Xobeh
Beogh

Shops:
D:7 }==*!   D:10 (   D:15 [   Orc:2 ?=[!   Snake:1 %   Vaults:1 (

Portals:
Hell: Lair:6
Ziggurat: Depths:1

Annotations:
D:2 Terence
D:4 exclusion: ogre
D:9 exclusion: upstairs
D:12 exclusion: upstairs
Lair:4 Sonja
Lair:5 exclusion: downstairs
Vaults:2 Mara


Innate Abilities, Weirdness & Mutations

You are resistant to damage.
You can recharge devices by infusing magical energy.
You resist negative energy. (rN+)
You passively map a large area around you.
You do not regenerate.
You are covered in fur. (AC +1)


Message History

You hit the Hell Sentinel but do no damage.
The Hell Sentinel hits you but does no damage.
The Hell Sentinel hits you!
You take 9 damage, and have 106/190 hp.
You slice the Hell Sentinel!!
You hit the Hell Sentinel but do no damage.
The Hell Sentinel hits you but does no damage. x2
You hit the Hell Sentinel. The Hell Sentinel barely misses you.
The Hell Sentinel hits you but does no damage.
You slash the Hell Sentinel! The Hell Sentinel closely misses you.
The Hell Sentinel completely misses you.
You hit the Hell Sentinel but do no damage.
You are struck by the Hell Sentinel's spines.
You hit the Hell Sentinel but do no damage.
The Hell Sentinel misses you. The Hell Sentinel hits you.
You take 1 damage, and have 105/190 hp.
You are struck by the Hell Sentinel's spines.
You slice the Hell Sentinel!! The Hell Sentinel misses you.
The Hell Sentinel hits you but does no damage.
You take 5 damage, and have 100/190 hp.
You are struck by the Hell Sentinel's spines.
You slash the Hell Sentinel!
You take 5 damage, and have 95/190 hp.
You are struck by the Hell Sentinel's spines.
You hit the Hell Sentinel but do no damage.
The Hell Sentinel closely misses you. The Hell Sentinel barely misses you.
Your ring mail of the Armadillo prevents you from hitting the Hell Sentinel.
The Hell Sentinel hits you. The Hell Sentinel hits you!
You take 10 damage, and have 85/190 hp.
You hit the Hell Sentinel but do no damage.
You are struck by the Hell Sentinel's spines.
You slice the Hell Sentinel!! The Hell Sentinel misses you.
The Hell Sentinel hits you but does no damage.
You hit the Hell Sentinel. The Hell Sentinel hits you!
The Hell Sentinel hits you but does no damage.
You take 11 damage, and have 74/190 hp.
You are struck by the Hell Sentinel's spines.
You barely miss the Hell Sentinel. The Hell Sentinel gestures at you.
The sphere of damnation explodes!
The damnation engulfs you!
* * * LOW HITPOINT WARNING * * *
The damnation engulfs the Hell Sentinel.
The Hell Sentinel completely resists.
You hear a shout!
You are struck by the Hell Sentinel's spines.
You hit the Hell Sentinel but do no damage.
You take 35 damage, and have 39/190 hp.
You hit the Hell Sentinel. The Hell Sentinel gestures at you.
The iron shot hits you!
* * * LOW HITPOINT WARNING * * *
You take 21 damage, and have 18/190 hp.
You feel much better.
This wand has 2 charges left.
The Hell Sentinel closely misses you.
The Hell Sentinel hits you but does no damage.
You regained 28 hp, and now have 46/190 hp.
You feel much better.
This wand has 1 charge left.
The Hell Sentinel gestures at you.
The sphere of damnation explodes!
The damnation engulfs you!
* * * LOW HITPOINT WARNING * * *
The damnation engulfs the Hell Sentinel.
The Hell Sentinel completely resists.
You regained 2 hp, and now have 48/190 hp.
You barely miss the Hell Sentinel.
The Hell Sentinel hits you but does no damage.
The Hell Sentinel hits you.
You barely miss the Hell Sentinel. You barely miss the Hell Sentinel.
The Hell Sentinel hits you but does no damage.
The Hell Sentinel misses you.
You slice the Hell Sentinel!! The Hell Sentinel hits you. x2
You hit the Hell Sentinel but do no damage.
You hit the Hell Sentinel but do no damage.
The Hell Sentinel hits you!
* * * LOW HITPOINT WARNING * * *
The Hell Sentinel barely misses you.
You take 5 damage, and have 43/190 hp.
You slash the Hell Sentinel! The Hell Sentinel hits you!!
* * * LOW HITPOINT WARNING * * *
The Hell Sentinel hits you.
* * * LOW HITPOINT WARNING * * *
You take 30 damage, and have 13/190 hp.
You feel much better.
This wand has 0 charges left.
The Hell Sentinel barely misses you. The Hell Sentinel hits you!
* * * LOW HITPOINT WARNING * * *
You regained 19 hp, and now have 32/190 hp.
This wand has no charges.
You feel much better. The Hell Sentinel hits you!!
* * * LOW HITPOINT WARNING * * *
You block the Hell Sentinel's attack.
You feel much better. The Hell Sentinel hits you!!
* * * LOW HITPOINT WARNING * * *
The Hell Sentinel hits you!
* * * LOW HITPOINT WARNING * * *
You take 6 damage, and have 27/190 hp.
Unknown command.
You feel much better. The Hell Sentinel gestures at you.
The iron shot hits you!
You die...

, , .............# ,
, , ..............#*
** ,, ,
,,..............#,, *
* * ,,..............#
,, ,,* , ,
..............# ,, ,*
,, ..............#,
,,,,, ,
,,..............# , *
#...........1......#
, * ,
,#....#######@##....+
,, #....#........#
...#* * *
#....#........# ..#
#....#........# .# ,
#....#........#,...#
,*,
#....#........#,..$#
*
#....#........#....#
#....##########....#
,#..................#


You could see a Hell Sentinel.

Vanquished Creatures
  Nikola (Vaults:2)
  A bone dragon (Abyss:2)
  A lich (Vaults:1)
  A tentacled starspawn (Abyss:1)
  2 tengu reavers
  Ilsuiw (Shoals:4)
  9 greater nagas
  A frost giant (Depths:1)
  Aizul (Snake:3)
  2 deep elf sorcerers (Vaults:2)
  3 vault wardens
  4 ironheart preservers
  3 stone giants
  An entropy weaver (Vaults:3)
  Azrael (D:12)
  A deep elf annihilator (Vaults:2)
  A deep elf demonologist (Vaults:2)
  2 ettins
  6 merfolk javelineers (Shoals:4)
  A deep elf death mage (Vaults:2)
  7 merfolk impalers
  2 yaktaur captains
  A crystal guardian (Vaults:2)
  3 fire dragons
  A great orb of eyes (Vaults:2)
  A vault guard (Vaults:3)
  3 ice dragons
  8 hydras
  16 naga warriors
  4 ogre magi
  8 anacondas
  2 rakshasas (Abyss:1)
  A catoblepas (Lair:3)
  Erica (D:8)
  7 merfolk aquamancers
  A merfolk avatar (Shoals:2)
  12 centaur warriors
  2 deep troll shamans (Vaults:1)
  A deep troll earth mage (Vaults:1)
  11 death yaks
  A hell hog (shapeshifter) (Vaults:1)
  5 tengu warriors
  5 naga sharpshooters
  A hell knight (Vaults:2)
  Nergalle (Lair:1)
  4 thrashing horrors
  Urug (D:13)
  6 shock serpents
  3 deep elf knights
  A fire crab (shapeshifter) (Vaults:3)
  A salamander mystic (Snake:3)
  A sixfirhy (Lair:6)
  10 sea snakes
  A shadow wraith (Vaults:2)
  An iron troll (Orc:2)
  4 naga ritualists
  2 unseen horrors
  A shadow demon (Abyss:2)
  2 deep trolls
  The ghost of Banto the Covert, a novice DsNe of Kikubaaqudgha (Bailey)
  2 glowing orange brains (Abyss:1)
  11 harpies
  12 hill giants
  8 orc knights
  3 wizards
  8 ironbrand convokers
  8 deep elf archers
  A wolf spider (Vaults:2)
  3 orc sorcerers
  7 mana vipers
  6 fauns
  11 ugly things
  18 deep elf magi
  6 cyclopes
  7 salamanders
  10 sirens
  Maurice (Orc:1)
  13 elephants
  8 vault sentinels
  3 centaur zombies
  A worldbinder (Abyss:1)
  22 black mambas
  17 manticores
  2 molten gargoyles (Volcano)
  2 water nymphs
  3 ice statues (IceCv)
  An eye of devastation (Lair:6)
  4 guardian serpents
  5 orange demons
  11 spiny frogs
  16 naga magi
  3 smoke demons
  A gargoyle (D:11)
  28 yaktaurs
  4 kobold demonologists
  2 rime drakes (Lair:6)
  20 komodo dragons
  An ancient zyme (Abyss:1)
  A hellwing (Lair:6)
  4 ice devils (Lair:6)
  3 meliai (D:13)
  23 merfolk
  A tengu conjurer (D:13)
  2 red devils
  13 two-headed ogres
  16 trolls
  Grinder (Sewer)
  2 raiju
  8 wind drakes
  A human simulacrum (Vaults:3)
  2 polar bears
  3 snapping turtles (Shoals:4)
  18 blink frogs
  12 hippogriffs
  7 slime creatures
  4 dream sheep
  8 large abominations
  A flying skull (Lair:4)
  2 vampires
  2 shadows
  A tarantella (Vaults:3)
  5 wyverns
  3 redbacks (Vaults:3)
  A tarantella (shapeshifter) (Vaults:1)
  9 water elementals
  5 wraiths
  3 ynoxinuls
  4 fire bats
  54 yaks
  A yak (shapeshifter) (Vaults:2)
  3 hungry ghosts
  3 hogs (D:7)
  A chaos spawn (Abyss:1)
  A human (D:7)
  6 small abominations
  3 neqoxecs
  4 wargs
  5 fire elementals
  A steam dragon (Lair:6)
  5 swamp worms (Lair:2)
  4 mottled dragons
  5 hell hounds
  54 nagas
  14 water moccasins
  7 porcupines
  A soldier ant (D:13)
  22 ice beasts
  25 orc warriors
  A phantom (D:8)
  2 sky beasts
  3 black bears
  An ettin simulacrum (Vaults:1)
  3 eyes of draining
  7 starcursed masses (Abyss:2)
  A wasp (shapeshifter) (Vaults:1)
  27 ogres
  8 boggarts
  8 wolves
  27 centaurs
  An ice dragon simulacrum (Abyss:1)
  A centaur (shapeshifter) (Vaults:3)
  13 crocodiles
  7 big kobolds
  20 bullfrogs
  A water moccasin skeleton (D:10)
  3 scorpions
  8 killer bees
  2 troll zombies (D:11)
  4 howler monkeys
  10 wights
  An electric eel (Snake:3)
  7 crimson imps
  6 lava snakes
  A quasit (Sewer)
  Crazy Yiuf (D:7)
  2 bullfrog zombies
  2 iron imps
  A yaktaur simulacrum (Vaults:1)
  9 hounds
  3 jellies
  12 orc priests
  4 bullfrog skeletons
  3 centaur skeletons
  Jessica (D:2)
  13 iguanas
  11 orc wizards
  8 worker ants
  A big kobold zombie (Sewer)
  4 ogre zombies (D:11)
  2 hound zombies
  2 hound skeletons (D:7)
  A worker ant zombie (D:9)
  8 gnolls
  19 adders
  41 river rats
  6 shadow imps
  2 white imps (Abyss:1)
  5 ufetubi
  2 adder zombies
  7 oozes
  2 adder skeletons
  16 worms
  2 leopard geckos (D:7)
  57 orcs
  2 ball pythons
  A bat zombie (Sewer)
  15 giant cockroaches
  9 hobgoblins
  4 jackals (D:9)
  5 quokkas
  12 bats
  4 frilled lizards
  22 goblins
  2 goblin skeletons (D:11)
  2 goblin zombies (D:11)
  2 hobgoblin zombies (D:11)
  34 kobolds
  2 leopard gecko zombies
  An orc skeleton (D:11)
  12 orc zombies (D:11)
  10 rats
  A bush (Shoals:2)
  A fire vortex (D:13)
  A fungus (Lair:6)
  A plant (Lair:2)
1423 creatures vanquished.

Vanquished Creatures (collateral kills)
  An ironheart preserver (Vaults:1)
  A hydra (Lair:6)
  A hornet (Vaults:1)
  A yak (Lair:6)
  A mottled dragon (Vaults:1)
5 creatures vanquished.

Vanquished Creatures (others)
  A stone giant (Vaults:2)
  A merfolk (Shoals:2)
  5 centaurs
  An orc wizard (Vaults:2)
  2 kobolds (Bailey)
  A kobold zombie (Sewer)
  5 fungi
  A lurking horror (Abyss:1)
  8 plants
  5 starspawn tentacles (Abyss:1)
30 creatures vanquished.

Grand Total: 1458 creatures vanquished

Notes
Turn   | Place    | Note
-------+----------+-------------------------------------------
     0 | D:1      | MackTheKnife the Deep Dwarf Wanderer began the quest for the Orb.
     0 | D:1      | MackTheKnife set off with: a +2 leather armour, a +0 hand axe, a scroll of teleportation, a wand of heal wounds (5/9), a bread ration {@e1}
     0 | D:1      | Reached XP level 1. HP: 18/18 MP: 2/2
   106 | D:1      | Reached XP level 2. HP: 25/25 MP: 4/4
   141 | D:1      | MackTheKnife: Heyo
   364 | D:1      | Reached skill level 4 in Axes
   432 | D:1      | Reached XP level 3. HP: 28/32 MP: 5/5
   588 | D:1      | Reached skill level 2 in Fighting
  1109 | D:2      | Noticed Terence
  1468 | D:2      | Noticed Jessica
  1475 | D:2      | Killed Jessica
  1475 | D:2      | Reached XP level 4. HP: 27/39 MP: 6/6
  2021 | D:3      | Reached skill level 4 in Dodging
  2135 | D:3      | Found a blossoming altar of Fedhas.
  2600 | D:3      | Reached XP level 5. HP: 45/46 MP: 7/7
  2683 | D:4      | Reached skill level 3 in Fighting
  2683 | D:4      | Reached skill level 5 in Axes
  2760 | D:4      | Noticed an ogre
  3163 | D:4      | Reached XP level 6. HP: 36/56 MP: 8/8
  3495 | D:5      | Entered Level 5 of the Dungeon
  3513 | D:5      | Reached skill level 4 in Fighting
  3644 | D:5      | Reached skill level 6 in Axes
  3661 | D:5      | Found a glowing drain.
  3669 | Sewer    | Entered a sewer
  3789 | Sewer    | Found a burning altar of Makhleb.
  3819 | Sewer    | Became a worshipper of Makhleb the Destroyer
  3878 | Sewer    | Noticed Grinder
  3886 | Sewer    | Paralysed by Grinder for 6 turns
  3897 | Sewer    | Paralysed by Grinder for 6 turns
  3920 | Sewer    | Paralysed by Grinder for 5 turns
  3934 | Sewer    | Killed Grinder
  3934 | Sewer    | Reached skill level 7 in Axes
  3934 | Sewer    | Reached XP level 7. HP: 51/64 MP: 8/8
  4228 | D:5      | Reached skill level 8 in Axes
  4970 | D:6      | Reached skill level 9 in Axes
  5013 | D:6      | Reached XP level 8. HP: 38/72 MP: 9/9
  5155 | D:6      | Found a staircase to the Ecumenical Temple.
  5172 | D:6      | HP: 15/72 [iguana (10)]
  5430 | D:7      | HP: 16/72 [iguana (11)]
  5435 | D:7      | HP: 15/72 [iguana (3)]
  5441 | D:7      | Reached skill level 10 in Axes
  5442 | D:7      | Found Jousseuv's Jewellery Emporium.
  5453 | D:7      | Bought a +3 amulet of reflection for 325 gold pieces
  5774 | D:7      | Reached * piety under Makhleb
  5821 | D:7      | Found a sparkling altar of Nemelex Xobeh.
  6000 | D:7      | Reached skill level 5 in Dodging
  6001 | D:7      | Found Higoberu's Distillery.
  6004 | D:7      | Bought a potion of might for 56 gold pieces
  6004 | D:7      | Bought a potion of heal wounds for 70 gold pieces
  6007 | D:7      | Got a scorched rapier
  6092 | D:7      | Reached skill level 5 in Fighting
  6131 | D:7      | Found Ithixak's General Store.
  6216 | D:7      | Identified the cursed +0 rapier of the Enemy {pierce, rElec rN++ MR- SInv} (You found it on level 7 of the Dungeon)
  6328 | D:7      | Found a runed door.
  6387 | D:7      | Found Gabac's Jewellery Shop.
  6388 | D:7      | Found Qivvialo's Gadget Boutique.
  6615 | D:7      | Reached skill level 6 in Dodging
  6615 | D:7      | Gained mutation: You passively map the area around you. [Deep Dwarf growth]
  6615 | D:7      | Reached XP level 9. HP: 33/81 MP: 9/9
  6653 | D:7      | Reached skill level 6 in Fighting
  6666 | D:7      | HP: 16/82 [yak (8)]
  6668 | D:7      | Reached skill level 7 in Dodging
  6736 | D:7      | Noticed Crazy Yiuf
  6750 | D:7      | Killed Crazy Yiuf
  6842 | D:8      | Reached ** piety under Makhleb
  6904 | D:8      | Found a flagged portal.
  7029 | D:8      | Reached skill level 1 in Armour
  7118 | D:8      | Noticed Erica
  7211 | D:9      | Reached skill level 2 in Armour
  7238 | D:9      | HP: 15/85 [yak (10)]
  7239 | D:9      | HP: 4/85 [yak (11)]
  7249 | D:9      | Reached skill level 3 in Armour
  7265 | D:9      | Reached skill level 7 in Fighting
  7356 | D:9      | Reached skill level 11 in Axes
  7361 | D:9      | Found a sparkling altar of Nemelex Xobeh.
  7401 | D:9      | Reached skill level 4 in Armour
  7404 | D:9      | Reached XP level 10. HP: 84/94 MP: 9/9
  7549 | D:9      | Found a staircase to the Lair.
  7928 | D:8      | Killed Erica
  7928 | D:8      | Reached skill level 5 in Armour
  8214 | D:8      | Reached *** piety under Makhleb
  8490 | D:10     | Entered Level 10 of the Dungeon
  8526 | D:10     | Reached skill level 8 in Fighting
  8665 | D:10     | Reached skill level 6 in Armour
  8758 | D:10     | Found a flagged portal.
  8772 | Bailey   | Entered a bailey
  8818 | Bailey   | Noticed Banto's ghost (novice DsNe)
  8876 | Bailey   | HP: 16/97 [Banto's ghost/vampiric draining (15)]
  8939 | Bailey   | Killed Banto's ghost
  8939 | Bailey   | Reached skill level 12 in Axes
  8964 | Bailey   | Reached **** piety under Makhleb
  9404 | D:10     | Found Udul Egi's Antique Weapon Boutique.
  9413 | D:10     | Bought a runed broad axe for 84 gold pieces
  9413 | D:10     | Bought a glowing broad axe for 84 gold pieces
  9643 | D:10     | Noticed a hill giant
  9654 | D:10     | HP: 17/98 [hill giant/giant club (28)]
  9658 | D:10     | Killed a hill giant
  9658 | D:10     | Reached skill level 1 in Shields
  9658 | D:10     | Reached XP level 11. HP: 58/104 MP: 7/7
  9785 | D:10     | Reached skill level 2 in Shields
  9898 | D:11     | Reached skill level 3 in Shields
 10025 | D:11     | Found a staircase to the Orcish Mines.
 10080 | D:11     | Reached skill level 4 in Shields
 10155 | D:11     | Noticed a hill giant
 10155 | D:11     | Arkorax: damn good luck
 10158 | D:11     | Arkorax: use that haha
 10158 | D:11     | MackTheKnife: PRUUNE
 10168 | D:11     | Killed a hill giant
 10168 | D:11     | Reached ***** piety under Makhleb
 10168 | D:11     | Reached skill level 1 in Polearms
 10302 | D:11     | Noticed an eight-headed hydra
 10383 | D:12     | Noticed a hill giant
 10389 | D:12     | Killed a hill giant
 10389 | D:12     | Reached skill level 2 in Polearms
 10389 | D:12     | Reached skill level 5 in Shields
 10546 | D:12     | Reached skill level 3 in Polearms
 10548 | D:12     | Reached skill level 6 in Shields
 10628 | D:12     | Reached skill level 4 in Polearms
 10648 | D:12     | Noticed Azrael
 10668 | D:12     | Killed Azrael
 10668 | D:12     | Reached skill level 5 in Polearms
 10671 | D:12     | Noticed a seven-headed hydra
 10693 | D:12     | Noticed a deep elf mage
 10753 | D:12     | Reached skill level 6 in Polearms
 10829 | D:11     | Reached XP level 12. HP: 112/112 MP: 7/7
 10972 | Lair:1   | Entered Level 1 of the Lair of Beasts
 11023 | Lair:1   | Reached skill level 7 in Polearms
 11033 | Lair:1   | MackTheKnife: a lot of dmg
 11250 | Lair:1   | Noticed Nergalle
 11294 | Lair:1   | Killed Nergalle
 11294 | Lair:1   | Reached skill level 8 in Polearms
 11568 | Lair:1   | Arkorax: yea
 11617 | Lair:1   | MackTheKnife: think I ascended a GrGl or something with Prune
 11701 | Lair:2   | Reached skill level 9 in Polearms
 11940 | Lair:2   | Reached skill level 10 in Polearms
 11959 | Lair:2   | Found a staircase to the Snake Pit.
 12246 | Lair:2   | Arkorax: nice
 12257 | Lair:2   | Reached ****** piety under Makhleb
 12270 | Lair:2   | Arkorax: can you shaft in tomb 1
 12272 | Lair:2   | MackTheKnife: no idea
 12272 | Lair:2   | Arkorax: a guy just died with THIS +5 pair of boots of the Rose {rF++ rC+ Regen+ Str+2}
 12272 | Lair:2   | MackTheKnife: noooo
 12365 | Lair:2   | HP: 24/112 [swamp worm (10)]
 12412 | Lair:2   | HP: 26/112 [swamp worm (5)]
 12415 | Lair:2   | Identified the Almanac of Damaging Ignition
 12586 | Lair:2   | Arkorax: and maxwells
 12586 | Lair:2   | Arkorax: i told him to shaft
 12586 | Lair:2   | MackTheKnife: well, in that case he had it coming
 12586 | Lair:2   | Arkorax: but he ignored chat
 12586 | Lair:2   | MackTheKnife: Maxwell's is so band
 12586 | Lair:2   | MackTheKnife: bad
 12586 | Lair:2   | Arkorax: he was a Fo
 12600 | Lair:3   | Arkorax: so it was amazing
 12603 | Lair:3   | MackTheKnife: ahhh
 12693 | Lair:3   | Noticed a catoblepas
 12702 | Lair:3   | Arkorax: THATS JUST MAKES ME SICK
 12707 | Lair:3   | Reached skill level 11 in Polearms
 12787 | Lair:3   | Reached XP level 13. HP: 101/118 MP: 8/8
 12913 | Lair:3   | Found a frozen archway.
 12927 | Lair:3   | Reached skill level 12 in Polearms
 12942 | IceCv    | Entered an ice cave
 12943 | IceCv    | Arkorax: not rly
 12983 | IceCv    | Arkorax: will you do extended with this?
 12984 | IceCv    | MackTheKnife: maybe, I'm generally not a fan of extended
 12984 | IceCv    | MackTheKnife: we'll see
 12984 | IceCv    | MackTheKnife: :)
 13015 | IceCv    | Arkorax: :)
 13018 | IceCv    | Arkorax: alright
 13126 | IceCv    | Got a distressingly furry ring mail
 13168 | Lair:3   | Identified the +4 ring mail of the Armadillo {rElec rPois rN+} (You found it in an ice cave)
 13232 | Lair:3   | Noticed a fire dragon
 13245 | Lair:3   | Killed a fire dragon
 13426 | Lair:3   | Got a faintly glowing ring mail
 13665 | Lair:4   | Found a staircase to the Shoals.
 13720 | Lair:4   | Reached skill level 13 in Polearms
 13956 | Lair:4   | Identified the +7 ring mail of Gluttony {Int+5 Stlth+} (You found it on level 3 of the Lair of Beasts)
 14023 | Lair:4   | Noticed Sonja
 14041 | Lair:4   | Cast into level 1 of the Abyss (Sonja)
 14045 | Abyss:1  | Got a crude chain mail
 14048 | Abyss:1  | Arkorax: rip
 14048 | Abyss:1  | MackTheKnife: No worries
 14048 | Abyss:1  | Arkorax: ok
 14048 | Abyss:1  | MackTheKnife: abyss is way easier now
 14048 | Abyss:1  | MackTheKnife: also DD
 14064 | Abyss:1  | Arkorax: and makhle
 14096 | Abyss:1  | MackTheKnife: yeah, this seems pretty safe
 14101 | Abyss:1  | Noticed a tentacled starspawn
 14107 | Abyss:1  | Killed a tentacled starspawn
 14176 | Abyss:1  | Gained mutation: Your body sometimes deteriorates upon taking damage. [a neqoxec]
 14180 | Abyss:1  | Gained mutation: You are clumsy. (Dex -2) [a neqoxec]
 14223 | Abyss:1  | Reached skill level 14 in Polearms
 14226 | Abyss:1  | Noticed a starcursed mass
 14235 | Abyss:1  | Noticed a tentacled starspawn
 14248 | Abyss:1  | Found a corrupted altar of Lugonu.
 14326 | Abyss:1  | Noticed a bone dragon
 14329 | Abyss:1  | Noticed a starcursed mass
 14411 | Abyss:1  | Gained mutation: You occasionally shout uncontrollably at your foes. [a neqoxec]
 14482 | Abyss:1  | Arkorax: actually doing abyss at XL13
 14524 | Abyss:1  | Noticed a starcursed mass
 14527 | Abyss:1  | HP: 27/118 [starcursed mass/accursed screaming (6)]
 14539 | Abyss:1  | HP: 24/118 [flying skull (9)]
 14543 | Abyss:1  | Gained mutation: You resist negative energy. (rN+) [Deep Dwarf growth]
 14543 | Abyss:1  | Reached XP level 14. HP: 67/127 MP: 8/8
 14545 | Lair:4   | Escaped the Abyss
 14735 | D:7      | Bought a potion of cure mutation for 300 gold pieces
 14735 | D:7      | Lost mutation: Your body sometimes deteriorates upon taking damage. [potion of cure mutation]
 14735 | D:7      | Lost mutation: You occasionally shout uncontrollably at your foes. [potion of cure mutation]
 14735 | D:7      | Lost mutation: You are clumsy. (Dex -2) [potion of cure mutation]
 15044 | Lair:5   | Gained mutation: You are covered in fur. (AC +1) [potion of beneficial mutation]
 15224 | Lair:5   | Reached skill level 15 in Polearms
 15534 | Lair:6   | Entered Level 6 of the Lair of Beasts
 15735 | Lair:6   | Reached skill level 16 in Polearms
 15980 | Lair:6   | Reached skill level 7 in Armour
 16281 | Lair:6   | Reached skill level 9 in Fighting
 16281 | Lair:6   | Reached skill level 8 in Dodging
 16354 | Lair:6   | Found a burning altar of Makhleb.
 16386 | Lair:6   | Reached XP level 15. HP: 135/135 MP: 9/9
 16399 | Lair:6   | Reached skill level 8 in Armour
 16448 | Lair:6   | Found a gateway to Hell.
 16456 | Lair:6   | Got a brightly glowing crystal plate armour
 16471 | Lair:6   | Identified the +2 chain mail of Restlessness {Regen+ Stlth+} (You found it on level 1 of the Abyss)
 16482 | Lair:6   | Identified the +0 crystal plate armour "Saannimi" {rF+ rCorr Int-4 Dex+6} (You found it on level 6 of the Lair of Beasts)
 16631 | Lair:6   | Found a staircase to the Slime Pits.
 16823 | Lair:6   | Arkorax: whats the CPA?
 16823 | Lair:6   | Arkorax: didnt see :(
 16823 | Lair:6   | Arkorax: :/
 16823 | Lair:6   | MackTheKnife: Crap
 16823 | Lair:6   | Arkorax: damn
 16823 | Lair:6   | MackTheKnife: :x
 17023 | Orc:1    | Entered Level 1 of the Orcish Mines
 17206 | Orc:1    | MackTheKnife: DD is a shining example of why recurable healing is OP in roguelikes
 17528 | Orc:1    | Noticed Maurice
 17544 | Orc:1    | Killed Maurice
 17544 | Orc:1    | Reached skill level 17 in Polearms
 17637 | Orc:2    | Entered Level 2 of the Orcish Mines
 17678 | Orc:2    | Found a dark tunnel.
 17694 | Volcano  | Entered a volcano
 17818 | Volcano  | Found a bloodstained altar of Trog.
 17819 | Volcano  | Arkorax: i hate DD
 17934 | Volcano  | Arkorax: crawl just insta killed me
 17945 | Volcano  | Arkorax: down a shaft
 17957 | Volcano  | Arkorax: petrified
 17968 | Volcano  | MackTheKnife: haha ow
 17968 | Volcano  | MackTheKnife: what did you play?
 17968 | Volcano  | Arkorax: teleported into that swamp vault
 17988 | Orc:2    | Arkorax: DgGl
 18035 | Orc:2    | Arkorax: with sword of power ;-;
 18074 | Orc:2    | Found Ejan's Distillery.
 18107 | Orc:2    | Arkorax: holy fuck
 18108 | Orc:2    | Arkorax: i lived
 18111 | Orc:2    | Arkorax: with 10hp
 18112 | Orc:2    | MackTheKnife: hohoh
 18114 | Orc:2    | Arkorax: feared
 18236 | Orc:2    | Found Izearamp's Antique Armour Boutique.
 18241 | Orc:2    | Found Sige's Jewellery Emporium.
 18304 | Orc:2    | Found Hyodij's Magic Scroll Shop.
 18319 | Orc:2    | Arkorax: bad orc?
 18323 | Orc:2    | Bought a potion of heal wounds for 60 gold pieces
 18323 | Orc:2    | Bought a potion of heal wounds for 60 gold pieces
 18323 | Orc:2    | Bought a potion of might for 48 gold pieces
 18323 | Orc:2    | MackTheKnife: Kind of
 18328 | Orc:2    | Bought a pitted scale mail for 306 gold pieces
 18328 | Orc:2    | Bought a pair of boots for 153 gold pieces
 18333 | Orc:2    | Identified the +1 scale mail "Zoibus" {Dex+4} (You bought it in a shop on level 2 of the Orcish Mines)
 18335 | Orc:2    | Bought a glowing helmet for 153 gold pieces
 18357 | Orc:2    | Bought a scroll of teleportation for 42 gold pieces
 18357 | Orc:2    | Bought a scroll of teleportation for 42 gold pieces
 18357 | Orc:2    | Bought a scroll of teleportation for 42 gold pieces
 18357 | Orc:2    | Bought a scroll of enchant armour for 105 gold pieces
 18362 | Orc:2    | Found a roughly hewn altar of Beogh.
 18394 | Orc:2    | Reached skill level 18 in Polearms
 18441 | Orc:2    | Found a staircase to the Elven Halls.
 19276 | D:13     | MackTheKnife: I'm off, see you around!
 19289 | D:13     | Noticed Urug
 19310 | D:13     | Killed Urug
 19577 | D:13     | Found a gate to the Vaults.
 19915 | D:13     | Identified a scroll of acquirement
 20214 | D:14     | Reached XP level 16. HP: 120/144 MP: 8/8
 20424 | D:14     | Reached skill level 19 in Polearms
 21151 | D:15     | Entered Level 15 of the Dungeon
 21184 | D:15     | Reached skill level 9 in Dodging
 21198 | D:15     | Found Keczivio's Antique Armour Shop.
 21258 | D:15     | Found a staircase to the Depths.
 21480 | D:15     | Reached skill level 9 in Armour
 21829 | Snake:1  | Entered Level 1 of the Snake Pit
 21946 | Snake:1  | Found Zouc's Food Boutique.
 22234 | Snake:1  | Reached skill level 10 in Fighting
 22471 | Snake:2  | Reached skill level 10 in Dodging
 22682 | Snake:2  | Reached skill level 10 in Armour
 23192 | Snake:2  | Got an ancient helmet
 23193 | Snake:2  | Identified the +0 helmet of Noughts and Crosses {Regen+ MP+9 Dex-2} (You found it on level 2 of the Snake Pit)
 23472 | Snake:3  | Reached skill level 11 in Fighting
 23539 | Snake:3  | Noticed Aizul
 23560 | Snake:3  | Reached XP level 17. HP: 87/157 MP: 9/9
 23584 | Snake:3  | Killed Aizul
 23882 | Snake:3  | Reached skill level 12 in Fighting
 24222 | Snake:4  | Entered Level 4 of the Snake Pit
 24254 | Snake:4  | Reached skill level 1 in Invocations
 24302 | Snake:4  | Reached skill level 2 in Invocations
 24322 | Snake:4  | Reached skill level 3 in Invocations
 24341 | Snake:4  | Reached skill level 4 in Invocations
 24389 | Snake:4  | Reached skill level 5 in Invocations
 24461 | Snake:4  | Reached skill level 6 in Invocations
 24535 | Snake:4  | Reached skill level 7 in Invocations
 24750 | Snake:4  | Reached skill level 8 in Invocations
 24958 | Snake:4  | Reached skill level 9 in Invocations
 25011 | Snake:4  | Reached skill level 10 in Invocations
 25067 | Snake:4  | Reached skill level 11 in Invocations
 25213 | Snake:4  | Got a serpentine rune of Zot
 25404 | Shoals:1 | Entered Level 1 of the Shoals
 25539 | Shoals:1 | Reached skill level 12 in Invocations
 25945 | Shoals:2 | Reached skill level 13 in Invocations
 26034 | Shoals:2 | Gained mutation: You passively map a large area around you. [Deep Dwarf growth]
 26034 | Shoals:2 | Reached XP level 18. HP: 152/168 MP: 18/18
 26169 | Shoals:2 | Reached skill level 14 in Invocations
 26561 | Shoals:4 | Entered Level 4 of the Shoals
 26683 | Shoals:4 | Cast into level 2 of the Abyss (merfolk javelineer)
 26683 | Abyss:2  | Found a corrupted altar of Lugonu.
 26751 | Abyss:2  | Reached skill level 15 in Invocations
 26773 | Abyss:2  | Paralysed by accursed screaming for 1 turns
 26930 | Abyss:2  | Noticed a bone dragon
 26961 | Abyss:2  | Killed a bone dragon
 26979 | Shoals:4 | Escaped the Abyss
 26987 | Shoals:4 | Noticed Ilsuiw
 27072 | Shoals:4 | Killed Ilsuiw
 27104 | Shoals:4 | Reached skill level 13 in Fighting
 27209 | Shoals:4 | Got a barnacled rune of Zot
 27896 | Vaults:1 | Entered Level 1 of the Vaults
 28066 | Vaults:1 | Found Amif's Weapon Shoppe.
 28066 | Vaults:1 | Noticed a lich
 28069 | Vaults:1 | Reached skill level 14 in Fighting
 28078 | Vaults:1 | Killed a lich
 28831 | Vaults:1 | Found a portal to a secret trove of treasure.
 29028 | D:14     | Reached skill level 15 in Fighting
 29078 | Depths:1 | Entered Level 1 of the Depths
 29098 | Depths:1 | Found a gateway to a ziggurat.
 29304 | Depths:1 | HP: 44/178 [tengu reaver/war axe (7)]
 29305 | Depths:1 | Reached XP level 19. HP: 46/186 MP: 20/20
 29500 | Vaults:1 | You paid a toll of a +4 ice dragon armour to enter a treasure trove
 29501 | Trove    | Entered a treasure trove
 29512 | Trove    | Got a crude amethyst amulet
 29516 | Trove    | Got a transparent lead amulet
 29517 | Trove    | Identified the amulet of Okaovvam {Dismiss MR+ Int+2 Stlth+} (You found it in a treasure trove)
 29519 | Trove    | Identified the amulet of Peace {+Rage rN+++ Str-4 Int-5 SInv} (You found it in a treasure trove)
 29521 | Trove    | Got a faintly glowing marble ring
 29526 | Trove    | Identified the ring "Fetesk Uquke" {+Fly rPois rN+ Str+4 Int-5} (You found it in a treasure trove)
 29534 | Trove    | Got a vibrating platinum ring
 29535 | Trove    | Identified the ring "Jomom" {rPois rC+ Stlth-} (You found it in a treasure trove)
 29537 | Trove    | Got a brightly glowing jade amulet
 29538 | Trove    | Identified the amulet of Noru {Gourm Dex+3} (You found it in a treasure trove)
 29540 | Trove    | Got a twitching silver ring
 29542 | Trove    | Identified the ring "Sainuh" {rN+ Str+3 Dex+4} (You found it in a treasure trove)
 29548 | Trove    | Got a vibrating jade ring
 29549 | Trove    | Identified the ring "Wemmuq" {rPois rF+ MR+ Str-2 Dex+4} (You found it in a treasure trove)
 29563 | Trove    | Got a smoking copper ring
 29564 | Trove    | Identified the ring "Unniotos" {rN+ Str+2} (You found it in a treasure trove)
 30166 | Vaults:2 | Reached skill level 16 in Fighting
 30285 | Vaults:2 | HP: 38/188 [deep elf mage/orb of energy[an ironheart preserver] (12)]
 30670 | Vaults:2 | Noticed Nikola
 30690 | Vaults:2 | Killed Nikola
 30821 | Vaults:2 | Noticed Mara
 30839 | Vaults:2 | Reached skill level 3 in Evocations
 30944 | Vaults:3 | Reached skill level 4 in Evocations
 31028 | Vaults:3 | Reached skill level 5 in Evocations
 31239 | Vaults:3 | HP: 39/190 [Hell Sentinel/damnation[a lich] (34)]
 31241 | Vaults:3 | HP: 18/190 [Hell Sentinel/iron shot[a lich] (21)]
 31249 | Vaults:3 | HP: 43/190 [Hell Sentinel[a lich] (5)]
 31250 | Vaults:3 | HP: 18/190 [Hell Sentinel[a lich] (25)]
 31254 | Vaults:3 | Killed from afar by a Hell Sentinel

Vault maps used:
D:1:      denvon_arrival_planthouse, minmay_cupped
D:2:      uniq_jessica, uniq_terence
D:3:      fedhas_altar_2
D:5:      first_bread, gup_sewer_entry_bubbles
D:7:      hangedman_cross_stitches, serial_shops, kennysheep_little_box,
          shop_statue, shop, kennysheep_mini, shop, minmay_misc_feat_alley,
          grunt_livestock, nemelex_dance_club_becter, uniq_crazy_yiuf_cottage
D:8:      lightli_bailey_entry_fortress, uniq_erica
D:9:      david_lair_shrubbed, nemelex_diamond_rough_becter
D:10:     serial_shops, shop, enter_bailey_3, minmay_misc_feat_tower
D:11:     zombieorc1_lemuel
D:12:     kennysheep_opposing_triangles, uniq_azrael
D:13:     hangedman_vaults_entry_quadrant_bands, minivault_5, uniq_urug
D:14:     amethyst_killhole
D:15:     hangedman_depths_entry_civil_slaughter, serial_shops, shop,
          serial_bayou_lagoon_a, serial_bayou_crossing
Lair:1:   nicolae_quartered_pool_super, columned_hall_lemuel,
          beast_lair_carwin_11, uniq_nergalle
Lair:2:   dummy_snake_entry, worms_lemuel
Lair:3:   dragon1_lemuel, portal_ice_cave_entry_ice_beasts,
          beast_lair_carwin_10, grunt_megastairs_5, lemuel_fruit_fields,
          serial_bayou_shore_b
Lair:4:   elwin_shoals_entry_rocks, uniq_sonja
Lair:6:   evil_forest, minmay_slime_entry_eyes, grunt_megastairs_2
Shoals:2: yaktaur_hedge
Shoals:4: shoals_end_simple, shoal_ilsuiw, nicolae_shoals_wave_tunnel
Snake:1:  serial_shops, shop, library_closet
Snake:2:  grunt_ministairs_8, grunt_megastairs_1
Snake:3:  nicolae_snake_serpentine_hallways, serial_bayou_shore_a, uniq_aizul
Snake:4:  minmay_snake_end_coiled
Orc:1:    statue_in_the_mist_lemuel, uniq_maurice
Orc:2:    st_orc_open, basic_altar, nicolae_volcano_entry_batcave
Vaults:1: dpeg_vaults_monster_box, v_misc_3, v_rooms_2, hangedman_vaults_slice,
          v_misc_18, vaults_mumra_lcd, v_misc_11, nicolae_trove_entry_columns
Vaults:2: v_misc_26, nicolae_vaults_network_periphery, vaults_room_pools,
          st_lattice, nicolae_vaults_theta, nicolae_vaults_alarming,
          ontoclasm_vaults_chip, nicolae_vaults_three_branches, v_alt_pattern_2,
          uniq_nikola, uniq_mara
Vaults:3: v_misc_26, vaults_room_grunt_arrival_ludios,
          vaults_standard_mumra_enter_the_diamond, v_rooms_3,
          nicolae_vaults_hallways_thing, minmay_crypt_entry_simple_plaza,
          nicolae_vaults_little_squares_5, special_room_vaults, v_rooms_1,
          hangedman_vaults_capsules
Depths:1: enter_ziggurat_b, minmay_misc_feat_ornament,
          grunt_hell_entry_dis_grunt, grunt_ministairs_14,
          minmay_guarded_unrand_zonguldrok
Trove:    trove_jewel_1
Sewer:    kennysheep_sewer_church
Bailey:   bailey_axe_1, bailey
IceCv:    ice_cave_statue_garden_chambered
Volcano:  volcano_lake

Skill      XL: |  1  2  3  4  5  6  7  8  9 10 11 12 13 14 15 16 17 18 19 |
---------------+----------------------------------------------------------+-----
Axes           | 4 5 7 9 10 11 12 | 12.9
Fighting       | 2 3 4 5 7 8 9 11 12 15 16 | 16.9
Dodging        | 4 6 7 8 10 | 10.8
Armour         | 4 6 7 8 10 | 10.5
Shields        | 1 6 |  6.3
Polearms       | 6 11 14 16 18 19 | 19.1
Invocations    | 13 15 | 15.6
Evocations     | 5 |  5.6
Stealth        | |  1.2

Action                   |  1- 3 |  4- 6 |  7- 9 | 10-12 | 13-15 | 16-18 | 19-21 || total
-------------------------+-------+-------+-------+-------+-------+-------+-------++-------
Melee: Hand axe          |   122 |   366 |   584 |   236 |       |       |       ||  1308
       War axe           |       |       |       |   195 |       |       |       ||   195
       Broad axe         |       |       |       |   178 |       |       |       ||   178
       Glaive            |       |       |       |   497 |  1442 |  1877 |   555 ||  4371
Invok: Major Destruction |       |       |       |       |       |     3 |     4 ||     7
       Lesser Servant of |       |       |       |       |       |     3 |       ||     3
 Abil: Device Recharging |       |     1 |     2 |     4 |     3 |       |     2 ||    12
Evoke: Wand              |     1 |     5 |    18 |    26 |    31 |    10 |    15 ||   106
       Sack of spiders   |       |       |       |       |     2 |       |       ||     2
       Phial of floods   |       |       |       |       |       |     1 |       ||     1
  Use: Scroll            |       |     9 |    11 |     8 |    14 |    15 |    16 ||    73
       Potion            |       |     1 |       |     8 |     6 |     1 |     3 ||    19
 Stab: Sleeping          |     3 |     4 |     3 |       |     1 |     4 |     1 ||    16
       Distracted        |       |       |     1 |       |     5 |     3 |       ||     9
       Paralysed         |       |       |       |     3 |       |       |       ||     3
       Petrified         |       |       |       |       |       |     1 |       ||     1
  Eat: Chunk             |       |    10 |    11 |    15 |    15 |     8 |     1 ||    60
       Beef jerky        |       |       |     1 |     2 |       |     2 |       ||     5
       Royal jelly       |       |       |       |     1 |       |     2 |       ||     3
       Fruit             |       |       |       |     2 |       |       |       ||     2
       Pizza             |       |       |       |     1 |     4 |     5 |       ||    10
       Meat ration       |       |       |       |       |     1 |     2 |     1 ||     4
Armor: Leather armour    |    39 |   171 |   103 |       |       |       |       ||   313
       Chain mail        |       |       |    59 |   588 |    96 |       |       ||   743
       Ring mail         |       |       |       |       |   507 |   754 |   209 ||  1470
Dodge: Dodged            |   120 |   315 |   274 |   502 |  1141 |  1258 |   337 ||  3947
Block: Other             |       |       |    27 |   111 |   153 |   169 |    53 ||   513
       Shield            |       |       |       |    98 |       |       |       ||    98
       Reflection        |       |       |       |    14 |     3 |    16 |     6 ||    39

Vault maps used:
D:1:      denvon_arrival_planthouse, minmay_cupped
D:2:      uniq_jessica, uniq_terence
D:3:      fedhas_altar_2
D:5:      first_bread, gup_sewer_entry_bubbles
D:7:      hangedman_cross_stitches, serial_shops, kennysheep_little_box,
          shop_statue, shop, kennysheep_mini, shop, minmay_misc_feat_alley,
          grunt_livestock, nemelex_dance_club_becter, uniq_crazy_yiuf_cottage
D:8:      lightli_bailey_entry_fortress, uniq_erica
D:9:      david_lair_shrubbed, nemelex_diamond_rough_becter
D:10:     serial_shops, shop, enter_bailey_3, minmay_misc_feat_tower
D:11:     zombieorc1_lemuel
D:12:     kennysheep_opposing_triangles, uniq_azrael
D:13:     hangedman_vaults_entry_quadrant_bands, minivault_5, uniq_urug
D:14:     amethyst_killhole
D:15:     hangedman_depths_entry_civil_slaughter, serial_shops, shop,
          serial_bayou_lagoon_a, serial_bayou_crossing
Lair:1:   nicolae_quartered_pool_super, columned_hall_lemuel,
          beast_lair_carwin_11, uniq_nergalle
Lair:2:   dummy_snake_entry, worms_lemuel
Lair:3:   dragon1_lemuel, portal_ice_cave_entry_ice_beasts,
          beast_lair_carwin_10, grunt_megastairs_5, lemuel_fruit_fields,
          serial_bayou_shore_b
Lair:4:   elwin_shoals_entry_rocks, uniq_sonja
Lair:6:   evil_forest, minmay_slime_entry_eyes, grunt_megastairs_2
Shoals:2: yaktaur_hedge
Shoals:4: shoals_end_simple, shoal_ilsuiw, nicolae_shoals_wave_tunnel
Snake:1:  serial_shops, shop, library_closet
Snake:2:  grunt_ministairs_8, grunt_megastairs_1
Snake:3:  nicolae_snake_serpentine_hallways, serial_bayou_shore_a, uniq_aizul
Snake:4:  minmay_snake_end_coiled
Orc:1:    statue_in_the_mist_lemuel, uniq_maurice
Orc:2:    st_orc_open, basic_altar, nicolae_volcano_entry_batcave
Vaults:1: dpeg_vaults_monster_box, v_misc_3, v_rooms_2, hangedman_vaults_slice,
          v_misc_18, vaults_mumra_lcd, v_misc_11, nicolae_trove_entry_columns
Vaults:2: v_misc_26, nicolae_vaults_network_periphery, vaults_room_pools,
          st_lattice, nicolae_vaults_theta, nicolae_vaults_alarming,
          ontoclasm_vaults_chip, nicolae_vaults_three_branches, v_alt_pattern_2,
          uniq_nikola, uniq_mara
Vaults:3: v_misc_26, vaults_room_grunt_arrival_ludios,
          vaults_standard_mumra_enter_the_diamond, v_rooms_3,
          nicolae_vaults_hallways_thing, minmay_crypt_entry_simple_plaza,
          nicolae_vaults_little_squares_5, special_room_vaults, v_rooms_1,
          hangedman_vaults_capsules
Depths:1: enter_ziggurat_b, minmay_misc_feat_ornament,
          grunt_hell_entry_dis_grunt, grunt_ministairs_14,
          minmay_guarded_unrand_zonguldrok
Trove:    trove_jewel_1
Sewer:    kennysheep_sewer_church
Bailey:   bailey_axe_1, bailey
IceCv:    ice_cave_statue_garden_chambered
Volcano:  volcano_lake

Table legend:
 A = Turns spent in this place as a percentage of turns spent in the entire game.
 B = Non-inter-level travel turns spent in this place as a percentage of non-inter-level travel turns spent in the entire game.
 C = Inter-level travel turns spent in this place as a percentage of turns spent in this place.
 D = Turns resting spent in this place as a percentage of non-inter-level travel turns spent in this place.
 E = Turns spent auto-exploring this place as a percentage of non-inter-level travel turns spent in this place.
 F = Non-inter-level travel turns spent in this place divided by the number of levels of this place that you've seen.
                   A       B       C       D       E      F
               +-------+-------+-------+-------+-------+----------------------
         Total | 100.0 | 100.0 |   0.4 |   0.1 |   4.4 | 389.1
       Dungeon |  34.1 |  34.0 |   0.7 |   0.1 |   6.6 | 370.7
          Lair |  16.4 |  16.4 |   0.4 |   0.0 |   3.5 | 446.3
        Shoals |  11.0 |  11.0 |   0.3 |   0.6 |   0.7 | 449.5
     Snake Pit |  10.0 |  10.1 |   0.3 |   0.1 |   7.2 | 411.0
  Orcish Mines |   4.7 |   4.7 |   0.1 |   0.0 |   5.9 | 387.5
        Vaults |   9.9 |   9.9 |   0.4 |   0.2 |   4.6 | 539.7
        Depths |   1.0 |   1.0 |   0.6 |   0.0 |   3.7 | 164.0
         Abyss |   5.3 |   5.3 |   0.0 |   0.0 |   0.6 | 435.0
         Trove |   0.6 |   0.6 |   0.0 |   4.0 |   0.0 |  99.0
         Sewer |   2.2 |   2.2 |   0.0 |   0.0 |   0.0 | 360.0
        Bailey |   1.9 |   1.9 |   0.0 |   0.0 |   0.0 | 305.0
      Ice Cave |   1.2 |   1.2 |   0.0 |   0.0 |   0.0 | 204.0
       Volcano |   1.6 |   1.6 |   0.0 |   0.0 |   0.0 | 266.0
               +-------+-------+-------+-------+-------+----------------------

Table legend:
 A = Kills in this place as a percentage of kills in entire the game.
 B = Kills by you in this place as a percentage of kills by you in the entire game.
 C = Kills by friends in this place as a percentage of kills by friends in the entire game.
 D = Other kills in this place as a percentage of other kills in the entire game.
 E = Experience gained in this place as a percentage of experience gained in the entire game.
 F = Experience gained in this place divided by the number of levels of this place that you have seen.
                   A       B       C       D       E      F
               +-------+-------+-------+-------+-------+----------------------
         Total | 100.0 | 100.0 | 100.0 | 100.0 | 100.0 | 10647.4
       Dungeon |  32.0 |  32.2 |   0.0 |   0.0 |  14.4 | 4306.8
          Lair |  19.4 |  19.4 |  40.0 |   0.0 |  15.2 | 11346.7
        Shoals |   8.6 |   8.6 |   0.0 |  33.3 |  14.7 | 16387.0
     Snake Pit |  11.3 |  11.3 |   0.0 |   0.0 |  20.2 | 22622.5
  Orcish Mines |   7.1 |   7.1 |   0.0 |   0.0 |   4.5 | 10129.0
        Vaults |  11.9 |  11.8 |  60.0 |   0.0 |  21.6 | 32233.7
        Depths |   0.4 |   0.4 |   0.0 |   0.0 |   1.7 | 7597.0
         Abyss |   4.5 |   4.5 |   0.0 |   0.0 |   5.5 | 12214.0
         Sewer |   1.7 |   1.7 |   0.0 |   0.0 |   0.1 | 480.0
        Bailey |   1.7 |   1.6 |   0.0 |  66.7 |   0.3 | 1259.0
      Ice Cave |   0.8 |   0.8 |   0.0 |   0.0 |   0.7 | 3103.0
       Volcano |   0.6 |   0.6 |   0.0 |   0.0 |   1.0 | 4643.0
               +-------+-------+-------+-------+-------+----------------------
